 Dungeon Sprint DCSS version 0.29-a0-364-g921d912d32 (webtiles) character file.

Game seed: 11825578362350635766

78904 mhtbhm the Executioner (level 15, -35/171 HPs)
             Began as a Minotaur Fighter on Apr 30, 2022.
             Was the Champion of Okawaru.
             Killed from afar by Lom Lobon (63 damage)
             ... with a great icy blast
             ... in the Dungeon (Sprint VII: "The Pits").
             The game lasted 00:18:50 (6816 turns).

mhtbhm the Executioner (Minotaur Fighter)           Turns: 6816, Time: 00:18:51

Health: -35/171    AC: 27    Str: 27    XL:     15   Next: 19%
Magic:  33/37      EV: 11    Int:  5    God:    Okawaru [******]
Gold:   46         SH: 23    Dex: 12    Spells: 14/14 levels left

rFire   + . .      SeeInvis .   a - +7 broad axe "Sudyckon" {spect, rElec rPois Str-2}
rCold   + + .      Faith    .   c - +9 kite shield of Nihilism {Rampage Fly Will- Dex+3}
rNeg    + . .      Spirit   .   b - +2 plate armour {rPois}
rPois   +          Reflect  .   w - +2 hood of the Assassin {Detection Stab+ Stlth++}
rElec   +          Harm     .   H - +1 cloak {Stlth+}
rCorr   +          Rampage  +   u - +0 pair of gloves {hurl}
Will    .....      NoTele   +   (no boots)
Stlth   ++++......              (no amulet)
HPRegen 0.38/turn               o - ring "Agastronk" {rElec rN+ MP+9}
MPRegen 0.25/turn               z - ring of protection from cold

@: mighty, resistant, on berserk cooldown, flying, hasted and slowed
A: horns 2, retaliatory headbutt
a: Renounce Religion, Heroism, Finesse


You were in the Dungeon.
You worshipped Okawaru.
Okawaru was exalted by your worship.
You visited 1 branch You collected 46 gold pieces.

Inventory:

Hand Weapons
 a - the +7 broad axe "Sudyckon" (weapon) {spect, rElec rPois Str-2}
   (Okawaru gifted it to you in the Dungeon)

   When its wielder attacks, the weapon's spirit leaps out and strikes again.
   The spirit shares a part of any damage it takes with its wielder.
   Str:       It affects your strength (-2).
   rElec:     It insulates you from electricity.
   rPois:     It protects you from poison.
 k - the +9 sword of Zonguldrok {reap}
   (You found it in the Dungeon)

   Any living foe damaged by it may be reanimated upon death as a zombie
   friendly to the wielder, with an increasing chance as more damage is dealt.
 n - a +1 executioner's axe of electrocution
 F - the +4 hunting sling "Biagog" {speed, rC+ SInv}
   (You took it off a death knight in the Dungeon)

   Attacks with this weapon are significantly faster.
   rC:        It protects you from cold.
   SInv:      It lets you see invisible.
Missiles
 m - 13 poisoned darts (quivered)
 t - 5 silver boomerangs
Armour
 b - a +2 plate armour of poison resistance (worn)
 c - the +9 kite shield of Nihilism (worn) {Rampage Fly Will- Dex+3}
   (Okawaru gifted it to you in the Dungeon)

   Dex:       It affects your dexterity (+3).
   Fly:       It grants you flight.
   Rampage:   It bestows one free step when moving towards enemies.
   Will:      It decreases your willpower.
 u - a +0 pair of gloves of hurling (worn)
 w - the +2 hood of the Assassin (worn) {Detection Stab+ Stlth++}
   (You found it in the Dungeon)

   It allows the wearer to sense nearby creatures.
   It allows the wearer to make particularly effective stabbing attacks against
   helpless or unaware enemies with any weapon.
   Stlth:     It makes you much more stealthy.
 G - a +0 tower shield of cold resistance
 H - a +1 cloak of stealth (worn)
Jewellery
 o - the ring "Agastronk" (left hand) {rElec rN+ MP+9}
   (You found it in the Dungeon)

   [ring of magical power]

   rElec:     It insulates you from electricity.
   rN:        It protects you from negative energy.
   MP:        It affects your magic capacity (+9).
 z - a ring of protection from cold (right hand)
 A - a ring of flight
 C - a ring of fire
 E - a ring of willpower
Scrolls
 l - 6 scrolls of amnesia
 v - 3 scrolls of fog
 x - a scroll of identify
 y - 2 scrolls of enchant armour
Potions
 e - 5 potions of curing
 h - 4 potions of magic
 p - 2 potions of brilliance
 q - a potion of resistance
 r - 4 potions of mutation
 B - 2 potions of cancellation
Miscellaneous
 D - a phantom mirror


   Skills:
 + Level 25.9 Fighting
 + Level 25.9 Axes
 + Level 3.6 Throwing
 + Level 19.2 Armour
 + Level 8.4 Dodging
 + Level 13.5 Stealth
 + Level 19.2 Shields
 * Level 20.0 Invocations


You had 14 spell levels left.
You didn't know any spells.
Your spell library contained the following spells:

 Spells                   Type           Power      Damage    Failure   Level
 Sandblast                Erth           0%         2d4       98%         1
 Shock                    Conj/Air       0%         1d3       98%         1
 Corpse Rot               Necr/Air       0%         N/A       99%         2
 Passwall                 Tmut/Erth      0%         N/A       99%         2
 Mephitic Cloud           Conj/Pois/Air  0%         N/A       100%        3
 Spider Form              Tmut/Pois      0%         N/A       100%        3
 Stone Arrow              Conj/Erth      0%         3d7       100%        3
 Anguish                  Hex/Necr       0%         N/A       100%        4
 Cause Fear               Hex            0%         N/A       100%        4
 Alistair's Intoxication  Tmut/Pois      0%         N/A       100%        5
 Silence                  Hex/Air        0%         N/A       100%        5
 Dispersal                Tloc           0%         N/A       100%        6
 Disjunction              Tloc           0%         N/A       100%        8
 Chain Lightning          Conj/Air       0%         N/A       100%        9
 Animate Armour           Summ/Erth      Unusable   N/A       N/A         4
 Malign Gateway           Summ/Tloc      Unusable   N/A       N/A         7

Dungeon Overview and Level Annotations

Branches:
Dungeon (1/1)

Altars:
Ashenzari
Cheibriados
Dithmenos
Elyvilon
Fedhas
Gozag
Hepliaklqana
Kikubaaqudgha
Makhleb
Nemelex Xobeh
Okawaru
Qazlal
Ru
Sif Muna
Trog
Uskayaw
Vehumet
Wu Jian
Xom
Yredelemnul
Zin
The Shining One
Beogh
Jiyva
Lugonu

Annotations:
D Lom Lobon


Innate Abilities, Weirdness & Mutations

You have a pair of horns on your head.
You reflexively headbutt those who attack you in melee.


Message History

You are encased in ice.
* * * LOW HITPOINT WARNING * * *
You hear a deafening roar!
You slice Lom Lobon like a ripe choko!!!
Lom Lobon is heavily wounded.
Your +7 broad axe "Sudyckon" {spect, rElec rPois Str-2} hits Lom Lobon but does no damage.
You are engulfed in whirling frost.
You block Lom Lobon's attack.
You cut Lom Lobon into ribbons!!!
Lom Lobon is heavily wounded.
Your +7 broad axe "Sudyckon" {spect, rElec rPois Str-2} misses Lom Lobon.
You slice Lom Lobon!!
Lom Lobon is heavily wounded.
Your +7 broad axe "Sudyckon" {spect, rElec rPois Str-2} hits Lom Lobon!
You are no longer berserk.
You are exhausted.
You feel yourself slow down. Lom Lobon hits you!
* * * LOW HITPOINT WARNING * * *
You feel your power leaking away.
Unknown command.
Press: ? - help, v - describe, . - travel
Here: Lom Lobon (severely wounded, surrounded by restless winds)
The floor.
Unknown command.
Okay, then.
You miss Lom Lobon. Your headbutt misses Lom Lobon.
Lom Lobon is severely wounded.
Your +7 broad axe "Sudyckon" {spect, rElec rPois Str-2} hits Lom Lobon!
Unknown command.
Unknown command.
Okay, then.
You carve Lom Lobon like a ham!!! You headbutt Lom Lobon!
Lom Lobon is severely wounded.
Your +7 broad axe "Sudyckon" {spect, rElec rPois Str-2} hits Lom Lobon!!
The ice encasing you melts away.
You hear a hideous shriek!
An Executioner comes into view.
Lom Lobon gestures at you.
Lom Lobon conjures a mighty blast of ice!
The great icy blast engulfs you!!! You partially resist.
You die...

#)# #'# #.# {
#'# #†# #'# {
###### #.#
###.'#§###'#
#.###&@.##)#
{ #☼§'#(###)#
#○1§#'# #.#
##○##.###'#
§##.).##.##
§§##'.##...#
#○##.##'')).#
## #######)##
#'#


You could see Lom Lobon (gusty), an Executioner (wandering) and a friendly +7
broad axe "Sudyckon" {spect, rElec rPois Str-2} (summoned).

Vanquished Creatures
  An ancient lich (D)
  An orb of fire (D)
  A royal mummy (D)
  4 pandemonium lords (D)
  A profane servitor (D)
  An electric golem (D)
  A tentacled monstrosity (D)
  2 titans (D)
  Murray (D)
  Gastronok (D)
  A storm dragon (D)
  A frost giant (D)
  2 orc warlords (D)
  An angel (D)
  A draconian annihilator (D)
  2 spriggan defenders (D)
  A vampire knight (D)
  A minotaur (D)
  A red draconian (D)
  A deep elf annihilator (D)
  Josephine (D)
  2 great orbs of eyes (D)
  A hydra (D)
  2 vault guards (D)
  A rakshasa (D)
  2 ice dragons (D)
  Erica (D)
  2 death knights (D)
  A deep troll shaman (D)
  3 naga warriors (D)
  A dancing weapon (D)
  2 death yaks (D)
  A vampire mage (D)
  3 deep elf knights (D)
  An orc high priest (D)
  5 skeletal warriors (D)
  3 hell knights (D)
  A salamander mystic (D)
  2 fire crabs (D)
  A shadow wraith (D)
  A sea snake (D)
  2 iron trolls (D)
  3 deep trolls (D)
  A flayed ghost (D)
  2 wizards (D)
  A bog body (D)
  3 phantasmal warriors (D)
  11 orc knights (D)
  A deep elf zephyrmancer (D)
  An ugly thing (D)
  A salamander (D)
  A manticore (D)
  5 elephants (D)
  A black mamba (D)
  An eye of devastation (D)
  A gargoyle (D)
  A naga mage (D)
  3 kobold demonologists (D)
  An unseen horror (D)
  An orange demon (D)
  2 freezing wraiths (D)
  A tormentor (D)
  A hellwing (D)
  A tarantella (D)
  10 dream sheep (D)
  3 blink frogs (D)
  5 slime creatures (D)
  3 jumping spiders (D)
  A jumping spider (shapeshifter) (D)
  5 yaks (D)
  An air elemental (D)
  A fire bat (D)
  4 wraiths (D)
  Grum (D)
  A yak (shapeshifter) (D)
  Eustachio (D)
  A chaos spawn (D)
  2 swamp drakes (D)
  2 sky beasts (D)
  2 wolves (D)
  A centaur (D)
  A phantom (D)
  3 kobold brigands (D)
  2 small abominations (D)
  A gnoll sergeant (D)
  A necrophage (D)
  2 earth elementals (D)
  A scorpion (D)
  4 wights (D)
  6 killer bees (D)
  2 orc priests (D)
  An iron imp (D)
  A gnoll shaman (D)
  Jessica (D)
  2 hell rats (D)
  An orc wizard (D)
  10 gnolls (D)
  An adder (D)
  2 river rats (D)
  A white imp (D)
  An adder zombie (D)
  10 orcs (D)
  A bat zombie (D)
  2 giant cockroaches (D)
  2 hobgoblins (D)
  A ball python (D)
  A ball python skeleton (D)
  A bat (D)
  5 kobolds (D)
  2 rats (D)
  2 ball lightnings (D)
224 creatures vanquished.

Vanquished Creatures (others)
  A deep elf blademaster (D)
  An orc knight (D)
  A blink frog (D)
  A wolf (D)
  A gnoll sergeant (D)
  4 ball lightnings (D)
9 creatures vanquished.

Grand Total: 233 creatures vanquished

Notes
Turn   | Place    | Note
-------+----------+-------------------------------------------
     0 | D        | mhtbhm the Minotaur Fighter began the quest for the Orb.
     0 | D        | Reached XP level 1. HP: 19/19 MP: 0/0
    11 | D        | Noticed a scorpion
    15 | D        | Killed a scorpion
    16 | D        | Reached skill level 5 in Shields
    16 | D        | Reached XP level 2. HP: 30/30 MP: 1/1
    16 | D        | Reached XP level 3. HP: 37/37 MP: 2/2
    20 | D        | Found a bloodstained altar of Trog.
    20 | D        | Found a shimmering blue altar of Sif Muna.
    20 | D        | Found a viscous altar of Jiyva.
    20 | D        | Found a hazy altar of Hepliaklqana.
    20 | D        | Found an opulent altar of Gozag.
    21 | D        | Found a glowing golden altar of the Shining One.
    21 | D        | Found a glowing silver altar of Zin.
    21 | D        | Found a basalt altar of Yredelemnul.
    21 | D        | Found a shimmering altar of Xom.
    21 | D        | Found an ornate altar of the Wu Jian Council.
    21 | D        | Found a sacrificial altar of Ru.
    21 | D        | Found a stormy altar of Qazlal.
    21 | D        | Found an iron altar of Okawaru.
    21 | D        | Found a sparkling altar of Nemelex Xobeh.
    21 | D        | Found a burning altar of Makhleb.
    21 | D        | Found a blossoming altar of Fedhas.
    21 | D        | Found a white marble altar of Elyvilon.
    21 | D        | Found a shadowy altar of Dithmenos.
    21 | D        | Found a snail-covered altar of Cheibriados.
    23 | D        | Found a radiant altar of Vehumet.
    23 | D        | Found a corrupted altar of Lugonu.
    24 | D        | Found a hide-covered altar of Uskayaw.
    24 | D        | Found an ancient bone altar of Kikubaaqudgha.
    24 | D        | Found a broken altar of Ashenzari.
    29 | D        | Became a worshipper of Warmaster Okawaru
   117 | D        | Reached XP level 4. HP: 45/45 MP: 3/3
   121 | D        | Reached skill level 1 in Invocations
   165 | D        | Noticed a kobold brigand
   182 | D        | Killed a kobold brigand
   183 | D        | Reached skill level 5 in Axes
   183 | D        | Reached skill level 1 in Dodging
   183 | D        | Reached XP level 5. HP: 28/52 MP: 4/6
   387 | D        | Reached * piety under Okawaru
   422 | D        | Noticed a sky beast
   423 | D        | Noticed a sky beast
   433 | D        | Killed a sky beast
   434 | D        | Reached XP level 6. HP: 49/62 MP: 6/8
   443 | D        | Killed a sky beast
   443 | D        | Reached ** piety under Okawaru
   444 | D        | Reached skill level 5 in Invocations
   617 | D        | Noticed an air elemental
   619 | D        | Paralysed by an air elemental for 1 turns
   623 | D        | Paralysed by an air elemental for 1 turns
   626 | D        | Killed an air elemental
   627 | D        | Reached XP level 7. HP: 64/70 MP: 8/10
   629 | D        | Noticed a fire bat
   653 | D        | Killed a fire bat
   654 | D        | Reached skill level 10 in Axes
   654 | D        | Reached skill level 10 in Armour
   871 | D        | Noticed a deep troll
   878 | D        | Killed a deep troll
   878 | D        | Reached *** piety under Okawaru
   879 | D        | Reached skill level 10 in Fighting
   879 | D        | Reached XP level 8. HP: 69/79 MP: 10/12
  1158 | D        | Noticed a freezing wraith
  1158 | D        | Noticed a manticore
  1170 | D        | Killed a freezing wraith
  1173 | D        | Killed a manticore
  1173 | D        | Reached **** piety under Okawaru
  1174 | D        | Reached XP level 9. HP: 40/86 MP: 11/14
  1370 | D        | Noticed a phantasmal warrior
  1375 | D        | Noticed a black mamba
  1376 | D        | Noticed a guardian serpent
  1376 | D        | Noticed a phantasmal warrior
  1379 | D        | Killed a phantasmal warrior
  1379 | D        | Reached ***** piety under Okawaru
  1379 | D        | Received a gift from Okawaru
  1387 | D        | Killed a phantasmal warrior
  1388 | D        | Reached skill level 5 in Dodging
  1388 | D        | a guardian serpent changed into a yak
  1391 | D        | Killed a black mamba
  1399 | D        | Reached skill level 15 in Axes
  1399 | D        | Reached skill level 10 in Invocations
  1399 | D        | Reached XP level 10. HP: 40/97 MP: 14/16
  1622 | D        | Noticed a sea snake
  1622 | D        | Noticed Gastronok
  1627 | D        | Killed a sea snake
  1641 | D        | Killed Gastronok
  1641 | D        | Reached ****** piety under Okawaru
  1642 | D        | Reached skill level 10 in Shields
  1917 | D        | Noticed a six-headed hydra
  1917 | D        | Noticed Jessica
  1925 | D        | Killed a ten-headed hydra
  1926 | D        | Reached skill level 15 in Armour
  1926 | D        | Killed Jessica
  1940 | D        | Killed a shadow wraith
  1957 | D        | Noticed a death yak
  1959 | D        | Noticed a rakshasa
  1959 | D        | Noticed Grum
  1966 | D        | Reached XP level 11. HP: 70/107 MP: 18/18
  1967 | D        | Killed a death yak
  1973 | D        | Killed Grum
  1990 | D        | Identified the +9 kite shield of Nihilism {Rampage Fly
                  | Will- Dex+3} (Okawaru gifted it to you in the Dungeon)
  1990 | D        | Received a gift from Okawaru
  2013 | D        | Killed a rakshasa
  2373 | D        | Noticed Erica
  2388 | D        | Killed Erica
  2687 | D        | Reached skill level 15 in Fighting
  2773 | D        | Noticed a fire crab
  2784 | D        | Killed a fire crab
  2784 | D        | Received a gift from Okawaru
  2961 | D        | Noticed a vampire mage
  2981 | D        | Killed a vampire mage
  2982 | D        | Reached XP level 12. HP: 79/122 MP: 21/21
  3133 | D        | Noticed an orc high priest
  3156 | D        | Killed an orc high priest
  3517 | D        | Noticed an ice dragon
  3517 | D        | Noticed an ice dragon
  3517 | D        | Noticed a red draconian
  3533 | D        | Killed a red draconian
  3533 | D        | Received a gift from Okawaru
  3539 | D        | Killed an ice dragon
  3544 | D        | Killed an ice dragon
  3545 | D        | Reached skill level 15 in Invocations
  3552 | D        | Got the Catalogue of Dislocation and Malediction
  3556 | D        | Got the Grimoire of Panentheism
  3973 | D        | Reached skill level 15 in Shields
  3984 | D        | Noticed Eustachio
  3998 | D        | Noticed a yellow draconian annihilator
  4004 | D        | Killed a yellow draconian annihilator
  4005 | D        | Reached XP level 13. HP: 91/134 MP: 23/23
  4014 | D        | Identified the +10 long sword of Neurosis {holy, Contam
                  | rElec rPois Dex+3}
  4014 | D        | Noticed Josephine
  4032 | D        | Killed Eustachio
  4044 | D        | Received a gift from Okawaru
  4243 | D        | Killed Josephine
  4279 | D        | Identified the +4 hunting sling "Biagog" {speed, rC+ SInv}
  4293 | D        | Found the +0 staff of Battle
  4332 | D        | Got Feuth's Grimoire of Toxic Earth
  4337 | D        | Got the ring "Agastronk" {rElec rN+ MP+9}
  4612 | D        | Noticed an orc warlord
  4614 | D        | Noticed an orc warlord
  4623 | D        | Noticed a vampire knight
  4630 | D        | Killed a vampire knight
  4631 | D        | Reached skill level 1 in Throwing
  4631 | D        | Reached skill level 1 in Stealth
  4644 | D        | Received a gift from Okawaru
  4647 | D        | Killed an orc warlord
  4650 | D        | Killed an orc warlord
  4651 | D        | Reached skill level 5 in Stealth
  4655 | D        | Reached XP level 14. HP: 61/151 MP: 25/25
  4983 | D        | Identified the +2 robe "Cydeaxuc" {Dex+5} (Okawaru gifted
                  | it to you in the Dungeon)
  4983 | D        | Received a gift from Okawaru
  5011 | D        | Found the +9 sword of Zonguldrok {reap}
  5228 | D        | Found the +2 hood of the Assassin {Detection Stab+ Stlth++}
  5359 | D        | Noticed Murray
  5363 | D        | Killed Murray
  5365 | D        | Noticed a spriggan defender
  5366 | D        | Killed a spriggan defender
  5368 | D        | Noticed Beinafuo the pandemonium lord
  5388 | D        | Killed Beinafuo the pandemonium lord
  5391 | D        | Noticed a frost giant
  5392 | D        | Killed a frost giant
  5393 | D        | Reached skill level 10 in Stealth
  5394 | D        | Noticed an orb of fire
  5395 | D        | Killed an orb of fire
  5403 | D        | Noticed a royal mummy
  5403 | D        | Noticed an angel
  5403 | D        | Noticed an electric golem
  5410 | D        | Killed an electric golem
  5420 | D        | Killed a royal mummy
  5432 | D        | Killed an angel
  5878 | D        | Noticed a titan
  5879 | D        | Killed a titan
  5881 | D        | Noticed a profane servitor
  5882 | D        | Killed a profane servitor
  5882 | D        | Identified the +12 hand axe of Dissolution {antimagic,
                  | rCorr Dex+2} (Okawaru gifted it to you in the Dungeon)
  5882 | D        | Received a gift from Okawaru
  5886 | D        | Noticed Centuhu the pandemonium lord
  5887 | D        | Killed Centuhu the pandemonium lord
  5889 | D        | Noticed a storm dragon
  5890 | D        | Killed a storm dragon
  5892 | D        | Noticed a titan
  5893 | D        | Killed a titan
  5895 | D        | Noticed a spriggan defender
  5896 | D        | Killed a spriggan defender
  5926 | D        | Reached XP level 15. HP: 108/170 MP: 27/27
  6091 | D        | Noticed an ancient lich
  6096 | D        | Killed an ancient lich
  6096 | D        | Identified the +7 broad axe "Sudyckon" {spect, rElec rPois
                  | Str-2} (Okawaru gifted it to you in the Dungeon)
  6096 | D        | Received a gift from Okawaru
  6132 | D        | Noticed a tentacled monstrosity
  6141 | D        | Killed a tentacled monstrosity
  6229 | D        | Noticed Lom Lobon
  6233 | D        | Noticed a deep elf blademaster
  6236 | D        | Killed a deep elf blademaster
  6242 | D        | HP: 7/171 [Lom Lobon/vortex (15)]
  6242 | D        | HP: 1/171 [Lom Lobon (6)]
  6724 | D        | Noticed Nafu the pandemonium lord
  6734 | D        | Killed Nafu the pandemonium lord
  6760 | D        | Noticed Saaps the pandemonium lord
  6780 | D        | Killed Saaps the pandemonium lord
  6816 | D        | Noticed an Executioner
  6816 | D        | Killed from afar by Lom Lobon

Illustrated notes

Levels and vault maps discovered:
D:        pitsprint [storerooms_1, entrance_room_1, metal_vault_4, armoury_3,
          mini_pit_1, grid_room_1, main_hall_1, silver_pit, the_coven_3,
          the_vestibule_1, steel_vault_2, golden_pit, hallway_of_sentries,
          crystal_vault_4, iron_vault_4, final_vault]

Skill      XL: |  1  2  3  4  5  6  7  8  9 10 11 12 13 14 15 |
---------------+----------------------------------------------+-----
Fighting       | 6 7 8 9 10 11 13 15 18 21 25 | 25.9
Axes           | 3 5 7 9 11 13 15 18 20 22 23 25 | 25.9
Armour         | 6 7 8 9 11 12 14 15 16 17 18 19 | 19.2
Shields        | 5 6 7 8 9 10 12 15 17 18 19 | 19.2
Invocations    | 2 4 5 7 8 10 11 13 15 17 19 20 | 20.0
Dodging        | 1 2 4 5 6 7 8 |  8.4
Throwing       | 3 |  3.6
Stealth        | 6 12 13 | 13.5

Action                   |  1- 3 |  4- 6 |  7- 9 | 10-12 | 13-15 || total
-------------------------+-------+-------+-------+-------+-------++-------
Melee: War axe           |     3 |       |       |       |       ||     3
       Hand axe          |    12 |    65 |    31 |       |       ||   108
       Headbutt          |     3 |     8 |    14 |    63 |    58 ||   146
       Broad axe         |       |       |    31 |   284 |   285 ||   600
Throw: Dart              |       |       |       |       |    12 ||    12
Invok: Heroism           |       |       |     2 |     4 |     5 ||    11
       Finesse           |       |       |       |       |     5 ||     5
  Use: Potion            |       |     1 |     4 |     7 |    13 ||    25
       Scroll            |       |       |       |     2 |     3 ||     5
 Stab: Invisible         |       |       |       |       |    28 ||    28
       Distracted        |       |       |       |       |     1 ||     1
       Sleeping          |       |       |       |       |    12 ||    12
Armor: Scale mail        |     1 |    12 |       |       |       ||    13
       Chain mail        |       |    29 |    47 |    88 |    28 ||   192
       Plate armour      |       |       |       |       |    17 ||    17
Dodge: Dodged            |    10 |    20 |    35 |    76 |    21 ||   162
Block: Buckler           |     3 |    17 |    23 |    33 |       ||    76
       Kite shield       |       |       |       |   120 |   126 ||   246

Table legend: (Time is in decaauts)
 A = Elapsed time spent in this place.
 B = Non-inter-level travel time spent in this place.
 C = Inter-level travel time spent in this place.
 D = Time resting spent in this place.
 E = Time spent auto-exploring this place.
 F = Levels seen in this place.
 G = Mean time per level.
                   A        B        C        D        E       F      G
               +--------+--------+--------+--------+--------+-----+--------+
         Total |   6588 |   6588 |      0 |   4580 |     30 |   1 | 6588.0 |
       Dungeon |   6588 |   6588 |      0 |   4580 |     30 |   1 | 6588.0 |
               +--------+--------+--------+--------+--------+-----+--------+

Top non-repeatable levels by time:
       D: 6588 daAuts
